 Dungeon Crawl Stone Soup version 0.30-a0-726-gd89dcf765f (webtiles) character file.

Game seed: 7795975448333048738

2 sokol815 the Sneak (level 1, -2/11 HPs)
             Began as an Octopode Enchanter on Jan 30, 2023.
             Slain by a hobgoblin (4 damage)
             ... on level 1 of the Dungeon.
             The game lasted 00:00:33 (66 turns).

sokol815 the Sneak (Octopode Enchanter)               Turns: 66, Time: 00:00:33

Health: -2/11      AC:  1    Str:  7    XL:     1   Next: 40%
Magic:  3/3        EV: 13    Int: 17    God:
Gold:   13         SH:  0    Dex: 12    Spells: 4/4 levels left

rFire   . . .      SeeInvis .    a - +1 dagger
rCold   . . .      Faith    .    (no shield)
rNeg    . . .      Spirit   .    (helmet restricted)
rPois   .          Reflect  .    (no amulet)
rElec   .          Harm     .    (no ring)
rCorr   .          Rampage  .    (no ring)
Will    .....                    (no ring)
Stlth   +++                      (no ring)
HPRegen 0.21/turn                (no ring)
MPRegen 0.08/turn                (no ring)
                                 (no ring)
                                 (no ring)

@: no status effects
A: almost no armour, amphibious, 8 rings, camouflage 1, gelatinous body 1,
(nimble swimmer 1), tentacles
a: no special abilities


You were on level 1 of the Dungeon.
You visited 1 branch of the dungeon, and saw 1 of its levels.

You collected 13 gold pieces.

Inventory:

Hand Weapons
 a - a +1 dagger (weapon)
Potions
 b - a potion of curing {unknown}
 I - 2 potions of invisibility


   Skills:
 + Level 1.1 Short Blades
 - Level 2.0 Dodging
 * Level 4.2 Stealth
 - Level 2.0 Spellcasting
 - Level 3.0 Hexes


You had 4 spell levels left.
You didn't know any spells.
Your spell library contained the following spells:

 Spells                   Type           Power      Damage    Failure   Level
 Ensorcelled Hibernation  Hex/Ice        12%        N/A       16%         2
 Confusing Touch          Hex            11%        N/A       17%         3
 Tukima's Dance           Hex            11%        N/A       17%         3
 Beastly Appendage        Tmut           2%         N/A       19%         1
 Wereblood                Tmut           1%         N/A       28%         2
 Dazzling Flash           Conj/Hex       12%        N/A       30%         3
 Spider Form              Tmut/Pois      1%         N/A       50%         3


Dungeon Overview and Level Annotations

Branches:
Dungeon (1/15) Zot: 5933

Altars:


Innate Abilities, Weirdness & Mutations

You cannot wear most types of armour.
You are amphibious.
You can wear up to eight rings at the same time.
Your skin changes colour to match your surroundings (Stealth+).
Your rubbery body absorbs attacks. (AC +1, EV +1)
((You are camouflaged when in or above water. (Stealth+)))
You have tentacles for arms and can constrict up to eight enemies at once.


Message History

Bad channel name for runrest: 'Jiyva says: Divide and consume' Welcome, sokol815 the Octopode Enchanter.
The Orb of Zot is coveted for many reasons.
Will you seize it for your own?
Found a book of Changes and a plate armour.
Found two stairs.
You pick up a book of Changes and begin reading...
You add the spells Beastly Appendage, Wereblood and Spider Form to your library.
Okay, then.
You don't know any spells.
You open the door.
There is an open door here.
A goblin comes into view. It is wielding a +0 club.
The helpless goblin fails to defend itself.
You puncture the goblin!
You kill the goblin!
Found an escape hatch in the floor.
A bat comes into view.
A ball python comes into view.
The helpless bat fails to defend itself.
You puncture the bat!
You kill the bat!
The ball python hisses angrily.
You closely miss the ball python. Your grab misses the ball python.
The ball python barely misses you. The ball python closely misses you.
You hit the ball python.
You kill the ball python!
No target in view!
You now have 13 gold pieces.
b - a fuming coppery potion A hobgoblin comes into view.
A dart slug comes into view.
The hobgoblin shouts!
The dart slug launches a dart at you. The slug dart hits you.
You take 5 damage, and have 6/11 hp.
MASSIVE DAMAGE!!
You barely miss the hobgoblin. Your grab misses the hobgoblin.
You squeeze the hobgoblin. The hobgoblin barely misses you.
You barely miss the hobgoblin. You grab the hobgoblin.
You constrict the hobgoblin, but do no damage.
The hobgoblin hits you. The dart slug launches a dart at you.
The slug dart hits you.
* * * LOW HITPOINT WARNING * * *
You take 4 damage, and have 2/11 hp.
MASSIVE DAMAGE!!
You release your grip on the hobgoblin.
You hit the hobgoblin but do no damage. Your grab misses the hobgoblin.
Your squeeze misses the hobgoblin. The hobgoblin hits you.
You die...

#.#.# #.# ..#.# ###.#
######.#.. ..##...
..#.#.#.# #.##.#.
#...#.#.# #.##.#.
##.#w#.#.# #.##.#.
#....#.#.#######.##)#.
#...g@.........#.##.#.
#..###.#.#..>....##.#.
.... #.#.#.###.#......
.... #.#.#.# #.#.##...
... ..#.#.###.#......
.. ###.............. #
...#.###........ #.#.#
#........ #.#
#.#######


You could see a dart slug and a hobgoblin.

Vanquished Creatures
  A goblin (D:1)
  A ball python (D:1)
  A bat (D:1)
3 creatures vanquished.

Notes
Turn   | Place    | Note
-------+----------+-------------------------------------------
     0 | D:1      | sokol815 the Octopode Enchanter began the quest for the
                  | Orb.
     0 | D:1      | Reached XP level 1. HP: 11/11 MP: 3/3
    64 | D:1      | HP: 2/11 [dart slug/slug dart (2)]
    66 | D:1      | Slain by a hobgoblin

Illustrated notes

Levels and vault maps discovered:
D:1:      minmay_arrival_up_and_down, layout_basic

Action                     || total
---------------------------++-------
  Melee: Dagger            ||     7
         Constrict         ||     1
         Tentacles         ||     1
   Stab: Sleeping          ||     2
  Dodge: Dodged            ||     3

Table legend: (Time is in decaauts)
 A = Elapsed time spent in this place.
 B = Non-inter-level travel time spent in this place.
 C = Inter-level travel time spent in this place.
 D = Time resting spent in this place.
 E = Time spent auto-exploring this place.
 F = Levels seen in this place.
 G = Mean time per level.
                   A        B        C        D        E       F      G
               +--------+--------+--------+--------+--------+-----+--------+
         Total |     65 |     65 |      0 |      0 |     34 |   1 |   65.0 |
       Dungeon |     65 |     65 |      0 |      0 |     34 |   1 |   65.0 |
               +--------+--------+--------+--------+--------+-----+--------+

Top non-repeatable levels by time:
     D:1: 65 daAuts

Table legend:
 A = Kills in this place as a percentage of kills in entire the game.
 B = Kills by you in this place as a percentage of kills by you in the entire game.
 C = Kills by friends in this place as a percentage of kills by friends in the entire game.
 D = Other kills in this place as a percentage of other kills in the entire game.
 E = Experience gained in this place as a percentage of experience gained in the entire game.
 F = Experience gained in this place divided by the number of levels of this place that you have seen.
                   A       B       C       D       E      F
               +-------+-------+-------+-------+-------+----------------------
         Total | 100.0 | 100.0 |   N/A |   N/A | 100.0 |   4.0
       Dungeon | 100.0 | 100.0 |   N/A |   N/A | 100.0 |   4.0
               +-------+-------+-------+-------+-------+----------------------
